AoeStats
← VIT Liereyy

Arabia

510302485Analyzed
1v1 RM · 2d ago on Sep 30, 2026· 27m 15s· 2 players
Game mode
Random Map
Map size
Tiny (2 player)
Population
200
Speed
Normal
Resources
Standard
Victory
Conquest
Starting age
Dark Age
Ending age
Imperial Age
RankedLock teamsTeams togetherTeam positionsShared explorationLock speedFull tech treeHidden civsTurbo modeCheats
Victory
Defeat
🇦🇹 Poles · Austria
2948
+1
🇹🇷 Turks · Türkiye
2314
-1
VIT Liereyy
6:14 Loom
8:21 Feudal Age
8:52 Double-Bit Axe
9:02 Double-Bit Axe
10:14 Horse Collar
17:28 Castle Age
17:18 Fletching
17:29 Crossbowman
18:31 Bodkin Arrow
19:33 Heavy Plow
22:16 Bow Saw
25:04 Wheelbarrow
24:50 Ballistics
25:26 Padded Archer Armor
27:47 Thumb Ring
sansarr_
6:47 Loom
8:59 Feudal Age
9:25 Double-Bit Axe
16:35 Fletching
19:04 Castle Age
18:05 Scale Barding Armor
19:00 Bloodlines
20:32 Chain Barding Armor
24:01 Forging
24:48 Husbandry
Connection lost

Rejoining the realm…

Still unreachable

The connection could not be restored.

Session expired

The server has moved on; the page needs a fresh start.